 Dungeon Crawl Stone Soup version 0.31-a0-369-g8eba5f6939 (webtiles) character file.

Game seed: 12501431516227160269

3 gelatine the Chopper (level 1, 0/16 HPs)
             Began as a Demonspawn Gladiator on July 28, 2023.
             Killed from afar by a starcursed mass (8 damage)
             ... with an accursed screaming
             ... on level 1 of the Abyss.
             The game lasted 00:00:51 (160 turns).

gelatine the Chopper (Demonspawn Gladiator)          Turns: 160, Time: 00:00:51

Health: 0/16       AC:  4    Str: 14    XL:     1   Next: 41%
Magic:  1/1        EV: 12    Int:  9    God:
Gold:   0          SH:  0    Dex: 14    Spells: 0/0 levels left

rFire   . . .        a - +0 war axe
rCold   . . .        (no shield)
rNeg    . . .        b - +0 leather armour
rPois   .            c - +0 helmet
rElec   .            (no cloak)
rCorr   .            (no gloves)
SInv    .            (no boots)
Will    .....        (no amulet)
Stlth   +            (no ring)
HPRegen 0.22/turn    (no ring)
MPRegen 0.07/turn

%: no passive effects
@: no status effects
A: no striking features
a: no special abilities


You were on level 1 of the Abyss.
You visited 1 branch of the dungeon, and saw 1 of its levels.
You visited the Abyss 1 time.

Inventory:

Hand Weapons
 a - a +0 war axe (weapon)
Missiles
 d - 3 throwing nets
 e - a javelin
 f - 4 boomerangs (quivered)
Armour
 b - a +0 leather armour (worn)
 c - a +0 helmet (worn)


   Skills:
 * Level 2.0 Fighting
 * Level 2.8 Axes
 * Level 1.8 Throwing
 * Level 0.1 Armour
 * Level 2.7 Dodging


You couldn't memorise any spells.
You didn't know any spells.
Your spell library was empty.

Dungeon Overview and Level Annotations

Branches:
Dungeon (1/15)

Altars:


Message History

Found a robe.
You see here a +0 club.
You see here a frilled lizard corpse.
You see here a +0 robe.
A goblin comes into view. It is wielding a +0 dagger.
The goblin shouts!
You hear a shout!
You throw a boomerang. The boomerang barely misses the goblin.
You throw a boomerang. The boomerang hits the goblin!
You kill the goblin!
A goblin comes into view.
It is wielding a +1 dagger of distortion.
You throw a boomerang. The boomerang barely misses the goblin.
A ball python comes into view.
The ball python moves out of view.
You throw a boomerang.
The boomerang closely misses the goblin.
You throw a boomerang. The ball python hisses angrily.
The boomerang hits the goblin but does no damage.
You throw a boomerang. The boomerang hits the goblin.
The goblin is moderately wounded.
You throw a boomerang.
The boomerang hits the goblin but does no damage.
The goblin is moderately wounded.
The goblin hits you but does no damage.
You are cast into the Abyss!
To return, you must find a gate leading back.
Killing monsters will force the Abyss to allow you passage.
This branch contains the abyssal rune of Zot.
Found a gateway leading deeper into the Abyss.
Found a gateway leading deeper into the Abyss.
There is a gateway leading deeper into the Abyss here.
A starcursed mass comes into view.
A starcursed mass splits.
A starcursed mass splits.
A chorus of shrieks assaults your mind.
Ouch! That really hurt!
A starcursed mass splits. x2
A chorus of shrieks assaults your mind.
Ouch! That really hurt!
You die...

.. ##.##.##..
.#..#####..#....##
....#.....#..X...#
.............X...#
..........X.....#
.............X..#
.#.....#........#
##..*###*..# #.#
#..@..#....... ..
................#.#
. .................
#
..................#
....#.....#.....##.
...###...###...#
... ..... .... ..
..... ..


You could see 3 starcursed masses and a lurking horror.

Vanquished Creatures
  2 goblins (D:1)
  A frilled lizard (D:1)
3 creatures vanquished.

Notes
Turn   | Place    | Note
-------+----------+-------------------------------------------
     0 | D:1      | gelatine the Demonspawn Gladiator began the quest for the
                  | Orb.
     0 | D:1      | Reached XP level 1. HP: 16/16 MP: 1/1
    85 | Abyss:1  | Cast into level 1 of the Abyss (goblin)
   137 | Abyss:1  | Noticed a starcursed mass
   154 | Abyss:1  | Noticed a starcursed mass
   160 | Abyss:1  | Killed from afar by a starcursed mass

Illustrated notes

Levels and vault maps discovered:
D:1:      lightli_arrival_noodles, layout_loops_ring, serial_park_tiny_2
Abyss:1:  base:
Temple

Action                     || total
---------------------------++-------
  Throw: Boomerang         ||    11
 Armour: Leather armour    ||     1

Table legend: (Time is in decaauts)
 A = Elapsed time spent in this place.
 B = Non-inter-level travel time spent in this place.
 C = Inter-level travel time spent in this place.
 D = Time resting spent in this place.
 E = Time spent auto-exploring this place.
 F = Levels seen in this place.
 G = Mean time per level.
                   A        B        C        D        E       F      G
               +--------+--------+--------+--------+--------+-----+--------+
         Total |    162 |    162 |      0 |      0 |    103 |   2 |   81.0 |
       Dungeon |     87 |     87 |      0 |      0 |     62 |   1 |   87.0 |
         Abyss |     74 |     74 |      0 |      0 |     41 |   1 |   74.0 |
               +--------+--------+--------+--------+--------+-----+--------+

Top non-repeatable levels by time:
     D:1: 87 daAuts
 Abyss:1: 74 daAuts
